 Dungeon Crawl Stone Soup version 0.28.0-45-g0d030f2227 (webtiles) character file.

Game seed: 4614908870098314866

66 pkoi the Insei (level 3, -1/29 HPs)
             Began as a Demigod Gladiator on Apr 20, 2022.
             Killed from afar by an orc wizard (9 damage)
             ... with a puff of flame
             ... on level 2 of the Dungeon.
             The game lasted 00:08:53 (3875 turns).

pkoi the Insei (Demigod Gladiator)                  Turns: 3875, Time: 00:08:53

Health: -1/29      AC:  4    Str: 15    XL:     3   Next: 69%
Magic:  6/6        EV: 12    Int: 14    God:
Gold:   46         SH:  0    Dex: 15    Spells: 0/2 levels left

rFire   . . .      SeeInvis .     - Unarmed
rCold   . . .      Faith    .   (no shield)
rNeg    . . .      Spirit   .   a - +0 leather armour
rPois   .          Reflect  .   f - +0 helmet
rElec   .          Harm     .   (no cloak)
rCorr   .          Rampage  .   (no gloves)
Will    .....                   (no boots)
Stlth   +.........              (no amulet)
HPRegen 0.09/turn               (no ring)
MPRegen 0.10/turn               (no ring)

@: no status effects
A: high MP 1, forlorn, divine attributes
a: no special abilities


You were on level 2 of the Dungeon.
You visited 1 branch of the dungeon, and saw 3 of its levels.

You collected 46 gold pieces.

Inventory:

Hand Weapons
 e - a +0 dagger
Missiles
 c - 3 throwing nets (quivered)
Armour
 a - a +0 leather armour (worn)
 b - a +0 helmet
 f - a +0 helmet (worn)
Wands
 k - a wand of paralysis (6)
Scrolls
 h - a scroll of teleportation {unknown}
 i - a scroll of enchant weapon {unknown}
 l - a scroll of acquirement {unknown}
Potions
 d - a potion of haste {unknown}
 g - a potion of curing {unknown}
 j - a potion of berserk rage {unknown}


   Skills:
 + Level 2.1 Fighting
 - Level 1.7 Throwing
 - Level 2.6 Dodging
 * Level 4.0 Unarmed Combat
 + Level 0.4 Spellcasting
 + Level 0.4 Translocations
 + Level 0.2 Evocations


You couldn't memorise any spells.
You knew the following spells:

 Your Spells              Type           Power      Damage    Failure   Level
a - Blink                 Tloc           2%         N/A       38%         2

Your spell library contained the following spells:

 Spells                   Type           Power      Damage    Failure   Level
 Portal Projectile        Hex/Tloc       0%         N/A       67%         3
 Blade Hands              Tmut           0%         N/A       100%        5
 Excruciating Wounds      Necr           0%         N/A       100%        5
 Manifold Assault         Tloc           1%         N/A       100%        5
 Storm Form               Tmut/Air       0%         N/A       100%        7


Dungeon Overview and Level Annotations

Branches:
Dungeon (3/15)

Shops:
D:2 [


Innate Abilities, Weirdness & Mutations

You have an increased reservoir of magic. (+10% MP)
You shall have no god before yourself.
Your divine heritage dramatically boosts your attributes as you level up.


Message History

The orc wizard freezes you.
* * * LOW HITPOINT WARNING * * *
You hit the orc wizard.
The orc wizard is moderately wounded.
The orc wizard closely misses you.
You hit the orc wizard.
The orc wizard is severely wounded.
The orc wizard barely misses you.
You miss the orc wizard.
The orc wizard is severely wounded.
The orc wizard hits you but does no damage.
You barely miss the orc wizard.
The orc wizard is severely wounded.
The orc wizard closely misses you.
You completely miss the orc wizard.
The orc wizard is severely wounded.
The orc wizard points at you and mumbles some strange words.
The puff of flame hits you!
* * * LOW HITPOINT WARNING * * *
You hit the orc wizard but do no damage.
Your punch misses the orc wizard.
The orc wizard is severely wounded.
The orc wizard closely misses you.
You barely miss the orc wizard.
The orc wizard is severely wounded.
You barely miss the orc wizard.
The orc wizard is severely wounded.
The orc wizard hits you but does no damage.
You barely miss the orc wizard.
The orc wizard is heavily wounded.
The orc wizard hits you with a +2 dagger of freezing.
* * * LOW HITPOINT WARNING * * *
The orc wizard freezes you.
* * * LOW HITPOINT WARNING * * *
You closely miss the orc wizard.
The orc wizard is heavily wounded.
The orc wizard closely misses you. The orc wizard casts a spell at you.
The puff of flame hits you!
You die...

### ############.#
#.@<.........#
##.##########.#
#.o........##.#
#..######.###.# #.......#.#
#.#
#########...#.###.###'######
#......##)).#)#.#.##.......#
#......##>(.#.#.#.##.......#
#.>....##)..#.#.#.##.......#


You could see an orc wizard.

Vanquished Creatures
  A worm (D:2)
  4 orcs
  6 bats
  3 endoplasms (D:1)
  2 giant cockroaches
  2 goblins (D:1)
  6 hobgoblins
  6 jackals (D:1)
  3 kobolds (D:1)
  6 quokkas
  5 ball pythons
  5 rats
49 creatures vanquished.

Vanquished Creatures (others)
  A fungus (D:3)
  2 plants (D:3)
3 creatures vanquished.

Grand Total: 52 creatures vanquished

Notes
Turn   | Place    | Note
-------+----------+-------------------------------------------
     0 | D:1      | pkoi the Demigod Gladiator began the quest for the Orb.
     0 | D:1      | Reached XP level 1. HP: 17/17 MP: 3/3
    52 | D:1      | Reached skill level 3 in Unarmed Combat
   827 | D:1      | Reached XP level 2. HP: 24/24 MP: 4/4
  1517 | D:1      | Reached XP level 3. HP: 28/29 MP: 5/5
  1520 | D:1      | Learned a level 2 spell: Blink
  2734 | D:2      | Found Joyne's Antique Armour Shop.
  3181 | D:2      | Reached skill level 4 in Unarmed Combat
  3875 | D:2      | Killed from afar by an orc wizard

Illustrated notes

Levels and vault maps discovered:
D:1:      dpeg_arrival_court, layout_loops_corners
D:2:      layout_basic, serial_shops, shop
D:3:      layout_loops_ring, shapermc_ecumenical_altar_acropolis

Skill      XL: |  1  2  3 |
---------------+----------+-----
Unarmed Combat | 3 4 |  4.0
Fighting       | 2 |  2.1
Throwing       | |  1.7
Dodging        | |  2.6
Spellcasting   | |  0.4
Translocations | |  0.4
Evocations     | |  0.2

Action                   || total
-------------------------++-------
Melee: Unarmed           ||   211
       Punch             ||     3
 Cast: Blink             ||     1
 Stab: Sleeping          ||     3
Armor: Leather armour    ||    58
Dodge: Dodged            ||   146
